 Dungeon Crawl Stone Soup version 0.27-a0-1347-gd8886f0a89 (webtiles) character file.

Game seed: 12862835627565953479

2 bilbop the Caller (level 1, 0/10 HPs)
             Began as a Deep Elf Summoner on June 28, 2021.
             Slain by an endoplasm (2 damage)
             ... on level 1 of the Dungeon.
             The game lasted 00:01:01 (179 turns).

bilbop the Caller (Deep Elf Summoner)                Turns: 179, Time: 00:01:02

Health: 0/10       AC:  2    Str:  5    XL:     1   Next: 33%
Magic:  3/6        EV: 12    Int: 19    God:
Gold:   0          SH:  0    Dex: 15    Spells: 5/6 levels left

rFire    . . .     SeeInvis .   a - +0 dagger
rCold    . . .     Faith    .   (no shield)
rNeg     . . .     Spirit   .   b - +0 robe
rPois    .         Reflect  .   (no helmet)
rElec    .         Harm     .   (no cloak)
rCorr    .         Rampage  .   (no gloves)
Will     .....                  (no boots)
Stlth    ++........             (no amulet)
HPRegen  0.03/turn              (no ring)
MPRegen  0.10/turn              (no ring)

@: no status effects
A: no striking features
a: no special abilities


You were on level 1 of the Dungeon.
You visited 1 branch of the dungeon, and saw 1 of its levels.

Inventory:

Hand Weapons
 a - a +0 dagger (weapon)
Armour
 b - a +0 robe (worn)


   Skills:
 + Level 0.1 Fighting
 + Level 0.1 Short Blades
 + Level 2.5 Dodging
 + Level 2.4 Stealth
 + Level 3.0 Spellcasting
 + Level 4.4 Summonings


You had 5 spell levels left.
You knew the following spells:

 Your Spells              Type           Power      Damage    Failure   Level
a - Summon Small Mammal   Summ           76%        N/A       2%          1

Your spell library contained the following spells:

 Spells                   Type           Power      Damage    Failure   Level
 Call Imp                 Summ           19%        N/A       3%          2
 Call Canine Familiar     Summ           19%        N/A       8%          3
 Summon Guardian Golem    Hex/Summ       11%        N/A       19%         3
 Summon Ice Beast         Ice/Summ       11%        N/A       52%         4
 Summon Lightning Spire   Summ/Air       11%        N/A       52%         4


Dungeon Overview and Level Annotations

Branches:
Dungeon (1/15)

Altars:


Message History

Your bat hits the kobold but does no damage.
The kobold closely misses your bat.
Your bat hits the kobold.
Your bat closely misses the kobold.
The kobold hits your bat with a +0 dagger.
Your bat closely misses the kobold.
Your bat hits the kobold but does no damage.
Your bat closely misses the kobold.
Your bat hits the kobold but does no damage.
Your bat barely misses the kobold.
Your bat hits the kobold but does no damage.
Your bat hits the kobold.
Your bat barely misses the kobold.
Your bat completely misses the kobold.
Your bat hits the kobold but does no damage.
The kobold closely misses you.
Your bat hits the kobold.
Your bat hits the kobold but does no damage.
Your bat barely misses the kobold.
Your bat hits the kobold but does no damage.
The kobold hits something with a +0 dagger.
The kobold shouts!
You completely miss the kobold.
The kobold is severely wounded.
Your bat hits the kobold but does no damage.
The kobold hits you with a +0 dagger.
You hit the kobold.
You kill the kobold!
Your bat hits the endoplasm but does no damage.
The endoplasm freezes you.
You are frozen.
You are too injured to fight recklessly!
You are too injured to fight recklessly!
You are too injured to fight recklessly!
Casting: Summon Small Mammal (safe; 2% risk of failure)
Confirm with . or Enter, or press ? or * to list all spells.
Your bat hits the endoplasm but does no damage.
The endoplasm hits you.
* * * LOW HITPOINT WARNING * * *
Casting: Summon Small Mammal (safe; 2% risk of failure)
Confirm with . or Enter, or press ? or * to list all spells.
The endoplasm hits you.
You die...

## .. ### ####. ...
.... #.## #.....
#... #.##.##...#
#.b###.##.##....
##.J@b........#.#
#).b.>#.##....#.#.#
#.###.#.##.##.#.#.#
.. #.#.##.##.#.#.#
# ##
#.#.##.##.#.#.#.#
..#.##†.....#.#.#
###.............#
####.##.#.#.###
#.##.#......


You could see an endoplasm (ally target) and 3 friendly bats.

Vanquished Creatures
  A kobold (D:1)
1 creature vanquished.

Vanquished Creatures (collateral kills)
  A goblin (D:1)
  2 ball pythons (D:1)
3 creatures vanquished.

Grand Total: 4 creatures vanquished

Notes
Turn   | Place    | Note
-------+----------+-------------------------------------------
     0 | D:1      | bilbop the Deep Elf Summoner began the quest for the Orb.
     0 | D:1      | Reached XP level 1. HP: 10/10 MP: 6/6
   179 | D:1      | Slain by an endoplasm

Illustrated notes

Levels and vault maps discovered:
D:1:      evilmike_arrival_rings, layout_loops_ring,
          hellmonk_ecumenical_altar_run_dry

Action                   || total
-------------------------++-------
Melee: Dagger            ||     2
 Cast: Summon Small Mamm ||    11
Dodge: Dodged            ||     1

Table legend: (Time is in decaauts)
 A = Elapsed time spent in this place.
 B = Non-inter-level travel time spent in this place.
 C = Inter-level travel time spent in this place.
 D = Time resting spent in this place.
 E = Time spent auto-exploring this place.
 F = Levels seen in this place.
 G = Mean time per level.
                   A        B        C        D        E       F      G
               +--------+--------+--------+--------+--------+-----+--------+
         Total |    178 |    176 |      2 |      0 |    127 |   1 |  178.0 |
       Dungeon |    178 |    176 |      2 |      0 |    127 |   1 |  178.0 |
               +--------+--------+--------+--------+--------+-----+--------+

Top non-repeatable levels by time:
     D:1: 178 daAuts
